 Dungeon Crawl Stone Soup version 0.28-a0-1510-gd0f6b136d3 (webtiles) character file.

Game seed: 5415132135926825790

189 riojii the Insei (level 5, -2/42 HPs)
             Began as a Draconian Transmuter on Jan 14, 2022.
             Killed by divine providence
             ... invoked by an orc priest
              (11 damage)
             ... on level 3 of the Dungeon.
             The game lasted 00:04:48 (2246 turns).

riojii the Insei (Draconian Transmuter)             Turns: 2246, Time: 00:04:48

Health: -2/42      AC:  6    Str: 12    XL:     5   Next: 40%
Magic:  6/9        EV: 12    Int: 13    God:
Gold:   122        SH:  0    Dex: 14    Spells: 5/9 levels left

rFire   . . .      SeeInvis .     - Unarmed
rCold   + . .      Faith    .   (no shield)
rNeg    . . .      Spirit   .   (armour unavailable)
rPois   .          Reflect  .   (helmet currently unavailable)
rElec   .          Harm     .   h - +0 cloak
rCorr   +          Rampage  .   (no gloves)
Will    .....                   (boots currently unavailable)
Stlth   +.........              (no amulet)
HPRegen 0.14/turn               c - ring of protection from cold
MPRegen 0.11/turn               b - ring of resist corrosion

@: appendages (expiring)
A: horns 2, talons 2, AC +5, unfitting armour, cold-blooded
a: End Transformation


You were on level 3 of the Dungeon.
You had temporarily grown beastly horns and talons.
You visited 1 branch of the dungeon, and saw 3 of its levels.

You collected 122 gold pieces.

Inventory:

Armour
 h - a +0 cloak (worn)
Jewellery
 a - a ring of protection from cold
 b - a ring of resist corrosion (right hand)
 c - a ring of protection from cold (left hand)
Potions
 f - 2 potions of ambrosia {unknown}


   Skills:
 + Level 2.4 Fighting
 + Level 2.5 Dodging
 + Level 4.3 Unarmed Combat
 + Level 2.7 Spellcasting
 * Level 2.9 Transmutations
 * Level 0.0 Poison Magic


You had 5 spell levels left.
You knew the following spells:

 Your Spells              Type           Power      Damage    Failure   Level
a - Beastly Appendage     Tmut           18%        N/A       7%          1
b - Spider Form           Tmut/Pois      5%         N/A       36%         3

Your spell library contained the following spells:

 Spells                   Type           Power      Damage    Failure   Level
 Wereblood                Tmut           9%         N/A       11%         2
 Corpse Rot               Necr/Air       2%         N/A       34%         2
 Poisonous Vapours        Pois/Air       2%         N/A       34%         2
 Ice Form                 Ice/Tmut       5%         N/A       77%         4


Dungeon Overview and Level Annotations

Branches:
Dungeon (3/15)

Altars:


Innate Abilities, Weirdness & Mutations

You have temporarily grown beastly horns and talons.
Your plain brown scales are hard. (AC +5)
You cannot fit into any form of body armour.
You are cold-blooded and may be slowed by cold attacks.


Message History

Your +0 cloak melds into your body.
The orc throws a boomerang.
The boomerang misses you.
Your transformation is almost over.
The orc throws a boomerang.
The boomerang misses you. The orc barely misses you.
You hit the orc.
The orc is poisoned.
The orc is severely wounded.
The orc closely misses you.
You hit the orc.
You kill the orc!
Things that are here:
a +0 club; 6 boomerangs; an orc corpse An orc priest comes into view.
It is wielding a +0 war axe.
The orc priest shouts!
You hear a shout! x3
The orc priest casts a cantrip, but nothing happens.
You hear a shout!
You see here 5 gold pieces.
You barely miss the orc priest.
Your transformation has ended.
Your +0 cloak unmelds from your body.
The orc priest begins to cast a cantrip, but forgets the words!
You hit the orc priest but do no damage.
An orc priest comes into view. It is wielding a +0 war axe.
The orc priest hits you with a +0 war axe!
You closely miss the orc priest.
The orc priest mumbles some strange prayers to Beogh against you.
Beogh smites you!
You grow a pair of large bovine horns.
Your feet morph into talons.
The orc priest invokes the aid of Beogh against you.
Pain shoots through your body!
You hit the orc priest. Your kick misses the orc priest.
The orc priest is lightly wounded.
Your transformation is almost over.
The orc priest hits you with a +0 war axe!
* * * LOW HITPOINT WARNING * * *
The orc priest barely misses you. The orc priest barely misses you.
The orc priest calls down the wrath of Beogh upon you.
Beogh smites you!
You die...

#.##.#### ##.
#.......##....
#....<........
#.......####.
....#.....# .
.##
#.....###...
#........#
####).#.##
#..o@#.##
#.##$##.# #
#o# #.# ...
... ##### ..#
#.


You could see 2 orc priests.

Vanquished Creatures
  A hound (D:2)
  Crazy Yiuf (D:2)
  Jessica (D:2)
  Terence (D:2)
  2 adders (D:2)
  2 worms (D:2)
  2 dart slugs (D:1)
  An orc (D:3)
  7 bats
  3 endoplasms
  2 giant cockroaches (D:2)
  4 goblins
  4 hobgoblins
  2 jackals (D:2)
  2 quokkas
  5 ball pythons
  3 frilled lizards (D:1)
  9 kobolds
  3 rats
55 creatures vanquished.

Notes
Turn   | Place    | Note
-------+----------+-------------------------------------------
     0 | D:1      | riojii the Draconian Transmuter began the quest for the
                  | Orb.
     0 | D:1      | Reached XP level 1. HP: 16/16 MP: 3/3
    60 | D:1      | Reached XP level 2. HP: 5/23 MP: 3/5
   961 | D:2      | Reached XP level 3. HP: 28/28 MP: 4/6
  1000 | D:2      | Noticed Jessica
  1013 | D:2      | Killed Jessica
  1018 | D:2      | Reached XP level 4. HP: 24/36 MP: 7/7
  1153 | D:2      | Noticed Terence
  1164 | D:2      | Killed Terence
  1165 | D:2      | Reached skill level 4 in Unarmed Combat
  1497 | D:2      | Reached XP level 5. HP: 39/42 MP: 8/8
  1819 | D:2      | Found a runed translucent door.
  1820 | D:2      | Noticed Crazy Yiuf
  2113 | D:2      | Killed Crazy Yiuf
  2134 | D:2      | Learned a level 3 spell: Spider Form
  2246 | D:3      | Killed from afar by an orc priest

Illustrated notes

Levels and vault maps discovered:
D:1:      dpeg_arrival_pits, layout_rooms
D:2:      wad_river_or_something, layout_rooms, dk_noncrumbling_2, uniq_jessica,
          uniq_crazy_yiuf_cottage, uniq_terence
D:3:      layout_loops_ring

Skill      XL: |  1  2  3  4 |
---------------+-------------+-----
Dodging        | 2 |  2.5
Fighting       | 2 |  2.4
Unarmed Combat | 4 |  4.3
Spellcasting   | |  2.7
Transmutations | |  2.9

Action                   |  1- 3 |  4- 6 || total
-------------------------+-------+-------++-------
Melee: Unarmed           |    67 |    82 ||   149
       Kick              |    13 |    12 ||    25
       Headbutt          |     8 |     8 ||    16
       Tailslap          |     4 |     8 ||    12
       Punch             |       |     5 ||     5
 Cast: Beastly Appendage |    16 |    18 ||    34
       Spider Form       |       |     1 ||     1
  Use: Scroll            |     3 |     3 ||     6
 Stab: Sleeping          |       |     1 ||     1
Armor: Skin              |    30 |    21 ||    51
Dodge: Dodged            |    43 |    53 ||    96

Table legend: (Time is in decaauts)
 A = Elapsed time spent in this place.
 B = Non-inter-level travel time spent in this place.
 C = Inter-level travel time spent in this place.
 D = Time resting spent in this place.
 E = Time spent auto-exploring this place.
 F = Levels seen in this place.
 G = Mean time per level.
                   A        B        C        D        E       F      G
               +--------+--------+--------+--------+--------+-----+--------+
         Total |   2241 |   2165 |     76 |      0 |   1756 |   3 |  747.0 |
       Dungeon |   2241 |   2165 |     76 |      0 |   1756 |   3 |  747.0 |
               +--------+--------+--------+--------+--------+-----+--------+

Top non-repeatable levels by time:
     D:2: 1240 daAuts
     D:1: 952 daAuts
     D:3: 48 daAuts
